 Dungeon Crawl Stone Soup version 0.29.1-15-g9cfb28693d (webtiles) character file.

Game seed: 12045288741690416636

1310 pokedragonboy the Destroyer (level 8, -7/41 HPs)
             Began as a Tengu Conjurer on Mar 10, 2023.
             Mangled by an iguana (12 damage)
             ... on level 6 of the Dungeon.
             The game lasted 00:14:52 (5596 turns).

pokedragonboy the Destroyer (Tengu Conjurer)        Turns: 5596, Time: 00:14:53

Health: -7/41      AC:  3    Str:  9    XL:     8   Next: 58%
Magic:  2/18       EV: 14    Int: 20    God:
Gold:   215        SH:  0    Dex: 12    Spells: 6/19 levels left

rFire   . . .      SeeInvis .   l - +0 falchion (freeze)
rCold   . . .      Faith    .   (no shield)
rNeg    . . .      Spirit   .   a - +0 robe
rPois   .          Reflect  .   (helmet restricted)
rElec   .          Harm     .   h - +0 cloak
rCorr   .          Rampage  .   (no gloves)
Will    .....                   (boots unavailable)
Stlth   ++........              (no amulet)
HPRegen 0.13/turn               (no ring)
MPRegen 0.16/turn               (no ring)

@: about to teleport, flying quickly and evasively, quick
A: beak, talons 3, nimble flight
a: no special abilities


You were on level 6 of the Dungeon.
You visited 1 branch of the dungeon, and saw 6 of its levels.

You collected 215 gold pieces.

Inventory:

Hand Weapons
 j - a +0 morningstar of pain
 l - a +0 falchion of freezing (weapon)
Armour
 a - a +0 robe (worn)
 h - a +0 cloak (worn)
Wands
 n - a wand of polymorph (7)
Scrolls
 e - a scroll of teleportation
 i - a scroll of silence {unknown}
 k - a scroll of blinking {unknown}
Potions
 b - 2 potions of magic
 c - 2 potions of haste {unknown}
 d - a potion of curing
 f - a potion of cancellation
 g - a potion of heal wounds {unknown}
 o - a potion of lignification {unknown}
 p - a potion of flight {unknown}


   Skills:
 - Level 2.1 Dodging
 - Level 2.0 Stealth
 + Level 6.2 Spellcasting
 * Level 11.4 Conjurations


You had 6 spell levels left.
You knew the following spells:

 Your Spells              Type           Power      Damage    Failure   Level
a - Magic Dart            Conj           100%       1d8       1%          1
b - Searing Ray           Conj           100%       2d8       1%          2
c - Fulminant Prism       Conj/Hex       14%        3d9       10%         4
d - Iskenderun's Mystic   Conj/Tloc      29%        2d7       10%         4
e - Call Imp              Summ           6%         N/A       16%         2

Your spell library contained the following spells:

 Spells                   Type           Power      Damage    Failure   Level
 Dazzling Flash           Conj/Hex       58%        N/A       3%          3
 Mephitic Cloud           Conj/Pois/Air  21%        N/A       6%          3
 Hailstorm                Conj/Ice       29%        3d8       10%         4
 Freeze                   Ice            24%        1d5       11%         1
 Slow                     Hex            24%        N/A       11%         1
 Confusing Touch          Hex            6%         N/A       30%         3
 Frozen Ramparts          Ice            12%        1d2       30%         3
 Vampiric Draining        Necr           6%         2d6       30%         3


Dungeon Overview and Level Annotations

Branches:
Dungeon (6/15)
 Temple: D:4-7

Altars:

Annotations:
D:5 Dowan, Duvessa, Sigmund


Innate Abilities, Weirdness & Mutations

You have a beak for a mouth.
You have claws for feet.
Your magical nature lets you fly swiftly and evasively.


Message History

An iguana is nearby!
Casting: Call Imp (safe; 16% risk of failure)
Confirm with . or Enter, or press ? or * to list all spells.
Aiming: Magic Dart (safe; 1% risk of failure)
Press: ? - help, Shift-Dir - straight line, f - iguana
Aim: an iguana (asleep, 100% to hit)
Okay, then.
A centaur comes into view.
Casting: Magic Dart (safe; 1% risk of failure)
Confirm with . or Enter, or press ? or * to list all spells.
A beastly little devil appears in a puff of flame.
The centaur shouts!
The iguana hisses angrily.
A howler monkey comes into view.
Your crimson imp barely misses the iguana.
The howler monkey hits you.
As you read the scroll of teleportation, it crumbles to dust.
You feel strangely unstable. The centaur misses your crimson imp.
The centaur kicks your crimson imp but does no damage.
The howler monkey hits you.
Your crimson imp hits the iguana but does no damage.
The centaur misses your crimson imp. The centaur kicks your crimson imp.
The howler monkey hoots and howls with incredible vigour!
Your crimson imp barely misses the iguana.
The centaur hits your crimson imp.
The centaur barely misses your crimson imp.
The iguana bites you!
* * * LOW HITPOINT WARNING * * *
The howler monkey hits you but does no damage.
The centaur closely misses your crimson imp.
The centaur kicks your crimson imp.
Your crimson imp barely misses the centaur.
The iguana misses you.
Unknown command.
The centaur barely misses your crimson imp.
The centaur closely misses your crimson imp.
The howler monkey misses you.
Your crimson imp closely misses the centaur.
The centaur barely misses your crimson imp.
The centaur kicks your crimson imp. The iguana bites you!
You die...

... ...
.. .. .#
c######
##h5.....
#@l......
###.#####
#


You could see a centaur (ally target), a howler monkey, an iguana and a friendly
crimson imp (summoned).

Vanquished Creatures
  Grinder (D:3)
  A water moccasin (D:5)
  An ice beast (D:3)
  An ogre (D:4)
  A phantom (D:5)
  Blork the orc (D:5)
  A gnoll sergeant (D:5)
  4 hounds
  2 orc priests
  A jelly (D:5)
  An iguana (D:4)
  Natasha (thrice) (D:3)
  6 gnolls
  10 adders
  A shadow imp (D:5)
  An ufetubus (D:5)
  4 worms
  A dart slug (D:3)
  12 orcs
  2 bats
  7 endoplasms
  3 giant cockroaches (D:1)
  8 goblins
  8 hobgoblins
  2 jackals (D:3)
  3 quokkas
  5 ball pythons
  4 frilled lizards
  14 kobolds
  7 rats
116 creatures vanquished.

Vanquished Creatures (collateral kills)
  A scorpion (D:5)
1 creature vanquished.

Vanquished Creatures (others)
  3 fulminant prisms (D:5)
  5 plants (D:1)
8 creatures vanquished.

Grand Total: 125 creatures vanquished

Notes
Turn   | Place    | Note
-------+----------+-------------------------------------------
     0 | D:1      | pokedragonboy the Tengu Conjurer began the quest for the
                  | Orb.
     0 | D:1      | Reached XP level 1. HP: 10/10 MP: 4/4
   159 | D:1      | Reached XP level 2. HP: 15/15 MP: 3/6
   195 | D:1      | Learned a level 2 spell: Searing Ray
   630 | D:1      | Reached XP level 3. HP: 19/19 MP: 3/7
   717 | D:1      | Reached skill level 6 in Conjurations
  1629 | D:2      | Identified the +1 robe of the Shore {rCorr Slay+4}
  1633 | D:2      | Reached XP level 4. HP: 24/24 MP: 4/9
  2193 | D:3      | Noticed Natasha
  2198 | D:3      | Killed Natasha
  2213 | D:3      | Noticed Natasha
  2298 | D:3      | Killed Natasha
  2299 | D:3      | Gained mutation: Your magical nature lets you fly swiftly
                  | and evasively. [Tengu growth]
  2299 | D:3      | Reached XP level 5. HP: 21/28 MP: 6/11
  2317 | D:3      | Reached skill level 7 in Conjurations
  2408 | D:3      | Noticed Natasha
  2414 | D:3      | Killed Natasha
  2528 | D:3      | Noticed an ice beast
  2529 | D:3      | Noticed Grinder
  2529 | D:3      | Paralysed by Grinder for 5 turns
  2539 | D:3      | Paralysed by Grinder for 3 turns
  2546 | D:3      | Killed Grinder
  2547 | D:3      | Reached skill level 8 in Conjurations
  2547 | D:3      | Reached XP level 6. HP: 17/32 MP: 0/14
  2874 | D:3      | Reached XP level 7. HP: 36/36 MP: 8/15
  2882 | D:3      | Learned a level 4 spell: Fulminant Prism
  2887 | D:3      | Learned a level 4 spell: Iskenderun's Mystic Blast
  3242 | D:3      | Reached skill level 5 in Spellcasting
  3431 | D:4      | Reached skill level 9 in Conjurations
  4390 | D:5      | Entered Level 5 of the Dungeon
  4395 | D:5      | Reached skill level 10 in Conjurations
  4395 | D:5      | Noticed Duvessa
  4399 | D:5      | Reached XP level 8. HP: 38/41 MP: 6/17
  4400 | D:5      | Noticed Dowan
  4932 | D:5      | Noticed Blork the orc
  4938 | D:5      | Killed Blork the orc
  4983 | D:5      | Learned a level 2 spell: Call Imp
  5077 | D:5      | Reached skill level 11 in Conjurations
  5326 | D:5      | Noticed Sigmund
  5596 | D:6      | Mangled by an iguana

Illustrated notes

Levels and vault maps discovered:
D:1:      scummos_arrival_simple_crosswalls, layout_loops_ring,
          hangedman_decor_growths, grunt_decor_arrowhead,
          lexackson_kobold_supper
D:2:      layout_loops_ring
D:3:      layout_basic, uniq_natasha, uniq_grinder
D:4:      layout_gridville
D:5:      layout_rooms, kennysheep_generic_room_4, uniq_blork_the_orc,
          uniq_duvessa, uniq_sigmund
D:6:      layout_rooms, gammafunk_ghost_smash

Skill      XL: |  1  2  3  4  5  6  7  8 |
---------------+-------------------------+-----
Conjurations   | 6 8 10 11 | 11.4
Spellcasting   | 3 4 5 6 |  6.2
Dodging        | |  2.1
Stealth        | |  2.0

Action                   |  1- 3 |  4- 6 |  7- 9 || total
-------------------------+-------+-------+-------++-------
Melee: Falchion          |       |     1 |     7 ||     8
       Kick              |       |       |     1 ||     1
 Cast: Magic Dart        |    57 |    27 |    57 ||   141
       Searing Ray       |     5 |    13 |    31 ||    49
       Iskenderun's Myst |       |       |     1 ||     1
       Call Imp          |       |       |     5 ||     5
       Fulminant Prism   |       |       |     3 ||     3
  Use: Scroll            |       |     1 |     7 ||     8
       Potion            |       |       |     2 ||     2
 Stab: Sleeping          |       |       |     2 ||     2
Armor: Robe              |       |     1 |    13 ||    14
Dodge: Dodged            |     4 |     6 |    52 ||    62
